 Dungeon Crawl Stone Soup version 0.32-a0-540-g866d13106e (webtiles) character file.

Game seed: 16478862736891335145

102 LobsterGuardian the Poker (level 4, -1/34 HPs)
             Began as a Demonspawn Gladiator on Feb 29, 2024.
             Killed by nerve-wracking pain
             ... invoked by Grinder
              (13 damage)
             ... on level 3 of the Dungeon.
             The game lasted 00:02:10 (1620 turns).

LobsterGuardian the Poker (Demonspawn Gladiator)    Turns: 1620, Time: 00:02:11

Health: -1/34      AC:  5    Str: 17    XL:     4   Next: 49%
Magic:  4/4        EV: 12    Int:  8    God:
Gold:   130        SH:  0    Dex: 14    Spells: 3/3 levels left

rFire   . . .        a - +0 trident
rCold   . . .        (no shield)
rNeg    . . .        b - +0 leather armour
rPois   .            c - +0 helmet
rElec   .            l - +0 cloak
rCorr   .            (no gloves)
SInv    .            (no boots)
Will    .....        (no amulet)
Stlth   +            (no ring)
HPRegen 0.25/turn    (no ring)
MPRegen 0.09/turn

%: no passive effects
@: mighty
A: condensation shield, demonic magic 1, weakness stinger 1
a: no special abilities


You were on level 3 of the Dungeon.
You visited 1 branch of the dungeon, and saw 3 of its levels.

You collected 130 gold pieces.

Inventory:

Hand Weapons
 a - a +0 trident (weapon)
Missiles
 e - a javelin
Armour
 b - a +0 leather armour (worn)
 c - a +0 helmet (worn)
 l - a +0 cloak (worn)
Jewellery
 j - a ring of ice
Scrolls
 f - a scroll of teleportation {unknown}
 i - a scroll of blinking {unknown}
 k - 3 scrolls of revelation {unknown}
 m - a scroll of noise {unknown}
 n - a scroll of enchant armour {unknown}
Potions
 g - a potion of attraction
 h - 3 potions of might
 o - a potion of curing {unknown}
 p - a potion of cancellation {unknown}


   Skills:
 + Level 2.3 Fighting
 * Level 4.2 Polearms
 + Level 1.8 Throwing
 + Level 1.0 Armour
 + Level 3.0 Dodging


You had 3 spell levels left.
You didn't know any spells.
Your spell library was empty.

Dungeon Overview and Level Annotations

Branches:
Dungeon (3/15)

Altars:
Kikubaaqudgha

Shops:
D:2 !

Annotations:
D:3 Grinder


Innate Abilities, Weirdness & Mutations

A meltable shield of frost defends you. (SH +0)
Spells you cast may paralyse adjacent enemies.
You have a small tail.


Message History

You throw a throwing net. The throwing net barely misses Grinder.
You hit Grinder.
Grinder is heavily wounded.
Grinder closely misses you. Grinder hits you but does no damage.
You closely miss Grinder.
Grinder is heavily wounded.
Grinder zaps a wand.
The puff of flame hits you!
You are too injured to fight recklessly!
Unknown command.
You puncture Grinder!
Your tail-slap misses Grinder.
Grinder is severely wounded.
The bat closely misses you.
Grinder blinks!
Reach: a) +0 trident
Press: ? - help, Dir - move target, f/p - Grinder
Aim: Grinder, carrying a wand of flame (severely wounded, about 43% to evade your +0 trident)
You reach to attack!
You barely miss Grinder.
Grinder is severely wounded.
The bat hits you but does no damage. Grinder gestures at you.
You suddenly lose the ability to move!
The bat hits you but does no damage. Grinder gestures at you.
You barely resist.
You can move again.
Unknown command.
Unknown command.
Unknown command.
Okay, then.
You completely miss Grinder.
Grinder is severely wounded.
The bat barely misses you. Grinder gestures at you.
You resist with significant effort.
You puncture Grinder!
Your tail-slap misses Grinder.
Grinder is almost dead.
The bat hits you. Grinder gestures at you. Pain shoots through your body!
You die...
Grinder says, "Now the real fun starts!"

###### #....
####''####
##........##
##.....5...!##
##.....##@b...#
##......##).....#
##.......##.......#
#........##........
#.......####.......
###......## #!.....
#.'..##### ####..
#.'..# .(
#.#......#


You could see Grinder and a bat.

Vanquished Creatures
  A bombardier beetle (D:3)
  Terence (D:3)
  An adder (D:2)
  A ribbon worm (D:2)
  An orc (D:3)
  An endoplasm (D:1)
  2 giant cockroaches
  4 goblins
  3 hobgoblins
  3 ball pythons
  3 bats
  A frilled lizard (D:3)
  3 kobolds
  3 rats (D:1)
28 creatures vanquished.

Notes
Turn   | Place    | Note
-------+----------+-------------------------------------------
     0 | D:1      | LobsterGuardian the Demonspawn Gladiator began the quest
                  | for the Orb.
     0 | D:1      | Reached XP level 1. HP: 16/16 MP: 1/1
   110 | D:1      | Reached skill level 3 in Polearms
   146 | D:1      | Gained mutation: A meltable shield of frost defends you.
                  | (SH +0) [demonic ancestry]
   146 | D:1      | Reached XP level 2. HP: 22/22 MP: 2/2
   613 | D:2      | Found an ancient bone altar of Kikubaaqudgha.
   661 | D:2      | Found Owkeipt's Distillery.
   697 | D:2      | You fall into a shaft and drop 1 floor!
   748 | D:3      | Noticed Grinder
  1042 | D:2      | Gained mutation: You have a small tail. [demonic ancestry]
  1042 | D:2      | Reached XP level 3. HP: 27/27 MP: 3/3
  1346 | D:3      | Reached skill level 4 in Polearms
  1346 | D:3      | Gained mutation: Spells you cast may paralyse adjacent
                  | enemies. [demonic ancestry]
  1346 | D:3      | Reached XP level 4. HP: 19/33 MP: 4/4
  1464 | D:3      | Noticed Terence
  1481 | D:3      | Killed Terence
  1482 | D:3      | Reached skill level 1 in Armour
  1616 | D:3      | Paralysed by Grinder for 3 turns
  1620 | D:3      | Killed from afar by Grinder

Illustrated notes

Levels and vault maps discovered:
D:1:      onia_arrival_handbag, layout_basic
D:2:      layout_basic, basic_altar, serial_shops, nicolae_shop_hallway_plus
D:3:      layout_loops_ring, kennysheep_cross_room, uniq_grinder, uniq_terence,
          uniq_crazy_yiuf_cottage, uniq_robin

Skill      XL: |  1  2  3  4 |
---------------+-------------+-----
Polearms       | 3 4 |  4.2
Dodging        | 3 |  3.0
Armour         | 1 |  1.0
Fighting       | |  2.3
Throwing       | |  1.8

Action                     |  1- 3 |  4- 6 || total
---------------------------+-------+-------++-------
  Melee: Trident           |    89 |    21 ||   110
         Tailslap          |     1 |     3 ||     4
  Throw: Throwing net      |       |     4 ||     4
    Use: Scroll            |     2 |       ||     2
         Potion            |       |     1 ||     1
   Stab: Sleeping          |     3 |       ||     3
 Armour: Leather armour    |    43 |    10 ||    53
  Dodge: Dodged            |    37 |     4 ||    41
  Block: Other             |     6 |     1 ||     7

Table legend: (Time is in decaauts)
 A = Elapsed time spent in this place.
 B = Non-inter-level travel time spent in this place.
 C = Inter-level travel time spent in this place.
 D = Time resting spent in this place.
 E = Time spent auto-exploring this place.
 F = Levels seen in this place.
 G = Mean time per level.
                   A        B        C        D        E       F      G
               +--------+--------+--------+--------+--------+-----+--------+
         Total |   1632 |   1548 |     84 |      0 |   1289 |   3 |  544.0 |
       Dungeon |   1632 |   1548 |     84 |      0 |   1289 |   3 |  544.0 |
               +--------+--------+--------+--------+--------+-----+--------+

Top non-repeatable levels by time:
     D:2: 732 daAuts
     D:1: 538 daAuts
     D:3: 362 daAuts
